APP
OREM OWLZ @ PRINCETON RAYS
07/11/2044
 
TOP OF THE 1ST
Orem Owlz batting - Pitching for Princeton Rays : RHP Jose Robles
Pitching: RHP Jose Robles
Batting: SHB Butch Brown 0-0: Swinging Strike
0-1: Swinging Strike
0-2: Ball
1-2: SINGLE (Groundball, 56D, EV 96.9 MPH)
Batting: LHB Justin Alexander 0-0: Ball
1-0: Ball
2-0: Fly out, F7 (Flyball, 7LM, EV 95.0 MPH)
Batting: LHB Brett Bugge 0-0: Ball
1-0: Ball
Wild Pitch!
Butch Brown to second
2-0: SINGLE (Groundball, 56D, EV 101.3 MPH)
Butch Brown to third
Runner from 3rd tries for Home, SAFE, throw by LF to home
Batting: RHB Mike Alm 0-0: Called Strike
0-1: Ball
1-1: Ball
2-1: Ball
3-1: Base on Balls
Brett Bugge to second
Batting: RHB Tristan Lewis 0-0: Foul Ball, location: 2F
0-1: Called Strike
0-2: Ball
1-2: Ball
2-2: Foul Ball, location: 2F
2-2: Foul Ball, location: 2F
2-2: Foul Ball, location: 2F
2-2: Strikes out looking
Batting: RHB J.R. Roberts 0-0: Ball
1-0: Called Strike
1-1: Foul Ball, location: 2F
1-2: Ball
Wild Pitch!
Brett Bugge to third
Mike Alm to second
2-2: Strikes out swinging
Top of the 1st over - 1 run, 2 hits, 0 errors, 2 left on base; Orem 1 - Princeton 0
BOTTOM OF THE 1ST
Princeton Rays batting - Pitching for Orem Owlz : RHP Eddie Garabito
Pitching: RHP Eddie Garabito
Batting: RHB Chris Thorson 0-0: Ball
1-0: Foul Ball, location: 2F
1-1: Foul Ball, location: 2F
1-2: Strikes out swinging
Batting: RHB Dan Marks 0-0: Called Strike
0-1: Foul Ball, location: 2F
0-2: Strikes out swinging
Batting: LHB Rocky Crowley 0-0: Called Strike
0-1: Swinging Strike
0-2: Strikes out swinging
Bottom of the 1st over - 0 runs, 0 hits, 0 errors, 0 left on base; Orem 1 - Princeton 0
TOP OF THE 2ND
Orem Owlz batting - Pitching for Princeton Rays : RHP Jose Robles
Batting: SHB Winikeneke Keikemamake 0-0: Ball
1-0: Ground out 6-3 (Groundball, 6, EV 86.9 MPH)
Batting: RHB Malachi Ephron 0-0: Ball
1-0: Called Strike
1-1: Foul Ball, location: 2F
1-2: Ball
2-2: Foul Ball, location: 2F
2-2: Ball
3-2: SOLO HOME RUN (Line Drive, 7D, EV 98.8 MPH), Distance : 380 ft
Batting: RHB Javier Castaneda 0-0: Called Strike
0-1: Ball
1-1: Foul Ball, location: 2F
1-2: Strikes out swinging
Batting: SHB Butch Brown 0-0: Ball
1-0: Foul Ball, location: 2F
1-1: Called Strike
1-2: Foul Ball, location: 2F
1-2: Ball
2-2: Ball
3-2: Foul Ball, location: 2F
3-2: Foul Ball, location: 2F
3-2: Foul Ball, location: 2F
3-2: Foul Ball, location: 2F
3-2: SINGLE (Groundball, 4MS, EV 66.3 MPH) (infield hit)
Batting: LHB Justin Alexander 0-0: Foul Ball, location: 2F
0-1: Swinging Strike
0-2: Ball
1-2: Ball
2-2: Ball
3-2: Ground out 6-3 (Groundball, 4M, EV 102.5 MPH)
Top of the 2nd over - 1 run, 2 hits, 0 errors, 1 left on base; Orem 2 - Princeton 0
BOTTOM OF THE 2ND
Princeton Rays batting - Pitching for Orem Owlz : RHP Eddie Garabito
Batting: RHB Wil Urban 0-0: Ball
1-0: SINGLE (Flyball, 56D, EV 93.8 MPH)
Batting: LHB Josh Redfern 0-0: Ball
1-0: 2-RUN HOME RUN (Flyball, 9D, EV 96.9 MPH), Distance : 377 ft
Batting: SHB Lou Kroneman 0-0: Foul Ball, location: 2F
0-1: Ball
1-1: Swinging Strike
1-2: Ball
2-2: Ground out 6-3 (Groundball, P, EV 81.3 MPH)
Batting: SHB Wayne Hattan 0-0: Ball
1-0: Foul Ball, location: 2F
1-1: Ball
2-1: Foul Ball, location: 2F
2-2: SINGLE (Line Drive, 3D, EV 98.8 MPH)
Batting: RHB Kunizo Yanagisawa 0-0: Ball
1-0: Ball
2-0: Foul Ball, location: 2F
2-1: DOUBLE (Flyball, 78D, EV 97.5 MPH)
Wayne Hattan to third
Pitching: RHP Tim Anderson
Batting: RHB Jim Erdody 0-0: Foul Ball, location: 2F
0-1: Ball
1-1: Fly out, F7 (Flyball, 7LS, EV 91.9 MPH)
Batting: RHB Chris Thorson 0-0: Ground out 5-3 (Groundball, 5, EV 83.8 MPH)
Bottom of the 2nd over - 2 runs, 4 hits, 0 errors, 2 left on base; Orem 2 - Princeton 2
TOP OF THE 3RD
Orem Owlz batting - Pitching for Princeton Rays : RHP Jose Robles
Batting: LHB Brett Bugge 0-0: Called Strike
0-1: Foul Ball, location: 2F
0-2: Ball
1-2: Ball
2-2: Fly out, F6 (Flyball, 6MD, EV 81.3 MPH)
Batting: RHB Mike Alm 0-0: Foul Ball, location: 2F
0-1: Ball
1-1: Called Strike
1-2: Ball
2-2: Strikes out swinging
Batting: RHB Tristan Lewis 0-0: Called Strike
0-1: Swinging Strike
0-2: Ball
1-2: Ball
2-2: Strikes out swinging
Top of the 3rd over - 0 runs, 0 hits, 0 errors, 0 left on base; Orem 2 - Princeton 2
BOTTOM OF THE 3RD
Princeton Rays batting - Pitching for Orem Owlz : RHP Tim Anderson
Batting: RHB Dan Marks 0-0: SINGLE (Groundball, 6S, EV 66.9 MPH) (infield hit)
Batting: LHB Rocky Crowley 0-0: Called Strike
0-1: Foul Ball, location: 2F
0-2: SINGLE (Groundball, 4MS, EV 74.4 MPH) (infield hit)
Dan Marks to second
Batting: RHB Wil Urban 0-0: Foul Ball, location: 2F
0-1: Ball
1-1: Swinging Strike
1-2: Foul Ball, location: 2F
1-2: Foul Ball, location: 2F
1-2: Ball
2-2: Ball
3-2: Strikes out swinging
Batting: LHB Josh Redfern 0-0: Ball
Wild Pitch!
Dan Marks to third
Rocky Crowley to second
1-0: Ball
2-0: Ball
3-0: Called Strike
3-1: Foul Ball, location: 2F
3-2: Foul Ball, location: 2F
3-2: Fly out, F7 (Line Drive, 7, EV 93.8 MPH)
Batting: SHB Lou Kroneman 0-0: Ball
1-0: Ball
2-0: Foul Ball, location: 2F
2-1: Ball
3-1: Base on Balls
Batting: SHB Wayne Hattan 0-0: Called Strike
0-1: Foul Ball, location: 2F
0-2: Ball
1-2: Ground out 4-3 (Groundball, 4, EV 91.3 MPH)
Bottom of the 3rd over - 0 runs, 2 hits, 0 errors, 3 left on base; Orem 2 - Princeton 2
TOP OF THE 4TH
Orem Owlz batting - Pitching for Princeton Rays : RHP Jose Robles
Batting: RHB J.R. Roberts 0-0: Ball
1-0: Called Strike
1-1: Foul Ball, location: 2F
1-2: Ball
2-2: Foul Ball, location: 2F
2-2: Strikes out swinging
Batting: SHB Winikeneke Keikemamake 0-0: Foul Ball, location: 2F
0-1: Ball
1-1: Ball
2-1: Ground out 4-3 (Groundball, 4, EV 86.9 MPH)
Batting: RHB Malachi Ephron 0-0: DOUBLE (Line Drive, 9LD, EV 105.0 MPH)
Batting: RHB Javier Castaneda 0-0: Foul Ball, location: 2F
0-1: Ground out U3 (Groundball, 34, EV 100.0 MPH)
Top of the 4th over - 0 runs, 1 hit, 0 errors, 1 left on base; Orem 2 - Princeton 2
BOTTOM OF THE 4TH
Princeton Rays batting - Pitching for Orem Owlz : RHP Tim Anderson
Batting: RHB Kunizo Yanagisawa 0-0: SOLO HOME RUN (Flyball, 7LD, EV 94.4 MPH), Distance : 355 ft
Batting: RHB Jim Erdody 0-0: Foul Ball, location: 2F
0-1: Ball
1-1: Foul Ball, location: 2F
1-2: Strikes out swinging
Batting: RHB Chris Thorson 0-0: Foul Ball, location: 2F
0-1: Ball
1-1: Ball
2-1: Ball
3-1: Base on Balls
Pitching: RHP Danny Nava
Batting: RHB Dan Marks 0-0: Ball
1-0: Foul Ball, location: 2F
1-1: Ball
2-1: Ball
3-1: Called Strike
Chris Thorson steals 2nd base
3-2: Fly out, F8 (Flyball, 8RD, EV 100.0 MPH)
Batting: LHB Rocky Crowley 0-0: Called Strike
0-1: Ball
1-1: Foul Ball, location: 2F
1-2: Ball
2-2: Foul Ball, location: 2F
2-2: Fly out, F7 (Flyball, 78XD, EV 82.5 MPH)
Bottom of the 4th over - 1 run, 1 hit, 0 errors, 1 left on base; Orem 2 - Princeton 3
TOP OF THE 5TH
Orem Owlz batting - Pitching for Princeton Rays : RHP Jose Robles
Batting: SHB Butch Brown 0-0: Called Strike
0-1: Foul Ball, location: 2F
0-2: Strikes out swinging
Batting: LHB Justin Alexander 0-0: Swinging Strike
0-1: Bunt missed!
0-2: Ball
1-2: Ball
2-2: Foul Ball, location: 2F
2-2: Foul Ball, location: 2F
2-2: Ball
3-2: Strikes out swinging
Batting: LHB Brett Bugge 0-0: Ball
1-0: Called Strike
1-1: Foul Ball, location: 2F
1-2: SINGLE (Groundball, 6MD, EV 95.0 MPH)
Batting: RHB Mike Alm 0-0: Ball
Wild Pitch!
Brett Bugge to second
1-0: Ball
2-0: Called Strike
2-1: Foul Ball, location: 2F
2-2: Strikes out swinging
Top of the 5th over - 0 runs, 1 hit, 0 errors, 1 left on base; Orem 2 - Princeton 3
BOTTOM OF THE 5TH
Princeton Rays batting - Pitching for Orem Owlz : RHP Danny Nava
Batting: RHB Wil Urban 0-0: Called Strike
0-1: Ball
1-1: Swinging Strike
1-2: Ball
2-2: Ball
3-2: Strikes out swinging
Batting: LHB Josh Redfern 0-0: Ball
1-0: Ball
2-0: Called Strike
2-1: Foul Ball, location: 2F
2-2: Strikes out swinging
Batting: SHB Lou Kroneman 0-0: Foul Ball, location: 2F
0-1: Ball
1-1: Ball
2-1: SINGLE (Groundball, 6, EV 106.3 MPH)
Batting: SHB Wayne Hattan 0-0: Ball
1-0: Ball
Wild Pitch!
Lou Kroneman to second
2-0: Ball
3-0: Called Strike
3-1: Base on Balls
Batting: RHB Kunizo Yanagisawa 0-0: Foul Ball, location: 2F
0-1: Ball
1-1: Foul Ball, location: 2F
1-2: Ball
2-2: Foul Ball, location: 2F
2-2: SINGLE (Groundball, 6D, EV 99.4 MPH)
Lou Kroneman to third
Wayne Hattan to second
Batting: RHB Jim Erdody 0-0: Ball
1-0: Swinging Strike
1-1: Ball
2-1: SINGLE (Line Drive, 4M, EV 106.9 MPH)
Lou Kroneman scores
Wayne Hattan to third
Kunizo Yanagisawa to second
Runner from 3rd tries for Home, throw by CF and OUT! 8-2
Bottom of the 5th over - 1 run, 3 hits, 0 errors, 2 left on base; Orem 2 - Princeton 4
TOP OF THE 6TH
Orem Owlz batting - Pitching for Princeton Rays : RHP Jose Robles
Batting: RHB Tristan Lewis 0-0: Ground out 5-3 (Groundball, 5S, EV 95.6 MPH)
Batting: RHB J.R. Roberts 0-0: Ball
1-0: Fly out, F7 (Flyball, 7D, EV 88.1 MPH)
Batting: SHB Winikeneke Keikemamake 0-0: Ball
1-0: Swinging Strike
1-1: Ball
2-1: Ball
3-1: Base on Balls
Pitching: RHP Federico Jimenez
Batting: RHB Malachi Ephron 0-0: Ball
1-0: Ball
2-0: Ball
3-0: Base on Balls
Winikeneke Keikemamake to second
Batting: RHB Javier Castaneda 0-0: Foul Ball, location: 2F
0-1: Ball
1-1: Called Strike
1-2: Foul Ball, location: 2F
1-2: Ball
2-2: Ball
3-2: Strikes out swinging
Top of the 6th over - 0 runs, 0 hits, 0 errors, 2 left on base; Orem 2 - Princeton 4
BOTTOM OF THE 6TH
Princeton Rays batting - Pitching for Orem Owlz : RHP Danny Nava
Batting: RHB Chris Thorson 0-0: Swinging Strike
0-1: Ball
1-1: Fly out, F7 (Flyball, 78M, EV 90.6 MPH)
Batting: RHB Dan Marks 0-0: Ground out 2-3 (Groundball, 2R, EV 60.0 MPH)
Batting: LHB Rocky Crowley 0-0: Ball
1-0: Fly out, F8 (Flyball, 8LM, EV 88.8 MPH)
Bottom of the 6th over - 0 runs, 0 hits, 0 errors, 0 left on base; Orem 2 - Princeton 4
TOP OF THE 7TH
Orem Owlz batting - Pitching for Princeton Rays : RHP Federico Jimenez
Batting: SHB Butch Brown 0-0: Ball
1-0: Ball
2-0: Fly out, F9 (Flyball, 9D, EV 95.6 MPH)
Batting: LHB Justin Alexander 0-0: Swinging Strike
0-1: Ball
1-1: Called Strike
1-2: Ball
2-2: Ground out 4-3 (Groundball, 4, EV 85.6 MPH)
Batting: LHB Brett Bugge 0-0: Called Strike
0-1: Ball
1-1: Ball
2-1: Ball
3-1: Base on Balls
Batting: RHB Mike Alm 0-0: Ball
1-0: Ball
2-0: Foul Ball, location: 2F
2-1: Ball
3-1: Swinging Strike
3-2: Base on Balls
Brett Bugge to second
Pinch Hitting: LHB Nick Isaac 0-0: Called Strike
0-1: Called Strike
0-2: Foul Ball, location: 2F
0-2: Foul Ball, location: 2F
0-2: Foul Ball, location: 2F
0-2: Ball
1-2: Ball
Passed Ball!
Brett Bugge to third
Mike Alm to second
2-2: Strikes out looking
Top of the 7th over - 0 runs, 0 hits, 0 errors, 2 left on base; Orem 2 - Princeton 4
BOTTOM OF THE 7TH
Princeton Rays batting - Pitching for Orem Owlz : RHP Danny Nava
Pitching: RHP Ed Raleigh
Now at 2B: Ryan Pelletier
Batting: RHB Wil Urban 0-0: Ball
1-0: Ball
2-0: Fly out, F8 (Flyball, 8RS, EV 90.0 MPH)
Batting: LHB Josh Redfern 0-0: Fly out, F7 (Flyball, 7LS, EV 95.6 MPH)
Batting: SHB Lou Kroneman 0-0: Ball
1-0: Ball
2-0: Swinging Strike
2-1: Ball
3-1: Base on Balls
Batting: SHB Wayne Hattan 0-0: Ball
1-0: Ball
2-0: Ball
3-0: Called Strike
3-1: SINGLE (Groundball, P, EV 79.4 MPH) (infield hit)
Lou Kroneman to second
Batting: RHB Kunizo Yanagisawa 0-0: Fly out, F6 (Flyball, 56D, EV 88.8 MPH)
Bottom of the 7th over - 0 runs, 1 hit, 0 errors, 2 left on base; Orem 2 - Princeton 4
TOP OF THE 8TH
Orem Owlz batting - Pitching for Princeton Rays : RHP Federico Jimenez
Pitching: LHP Parker Martinet
Now at 1B: Rocky Crowley
Now in CF: Berthold Frey
Batting: RHB J.R. Roberts 0-0: Called Strike
0-1: Fly out, F5 (Line Drive, 5, EV 73.8 MPH)
Batting: SHB Winikeneke Keikemamake 0-0: Called Strike
0-1: Called Strike
0-2: Ball
1-2: Fly out, F8 (Line Drive, 8RD, EV 85.6 MPH)
Batting: RHB Malachi Ephron 0-0: Fly out, F7 (Line Drive, 7, EV 91.9 MPH)
Top of the 8th over - 0 runs, 0 hits, 0 errors, 0 left on base; Orem 2 - Princeton 4
BOTTOM OF THE 8TH
Princeton Rays batting - Pitching for Orem Owlz : RHP Ed Raleigh
Batting: RHB Jim Erdody 0-0: Foul Ball, location: 2F
0-1: Swinging Strike
0-2: Strikes out looking
Batting: RHB Chris Thorson 0-0: Ball
1-0: Foul Ball, location: 2F
1-1: Fly out, F9 (Flyball, 9D, EV 93.1 MPH)
Batting: RHB Dan Marks 0-0: Ball
1-0: Fly out, F9 (Flyball, 89M, EV 79.4 MPH)
Bottom of the 8th over - 0 runs, 0 hits, 0 errors, 0 left on base; Orem 2 - Princeton 4
TOP OF THE 9TH
Orem Owlz batting - Pitching for Princeton Rays : LHP Parker Martinet
Pitching: RHP Cody Wilharm
Pinch Hitting: SHB Roger Payne 0-0: Called Strike
0-1: Called Strike
0-2: Ball
1-2: Ball
2-2: Foul Ball, location: 2F
2-2: Ball
3-2: Base on Balls
Batting: SHB Butch Brown 0-0: Ball
1-0: Ball
2-0: Ball
3-0: Base on Balls
Roger Payne to second
Batting: LHB Justin Alexander 0-0: Sac Bunt to 25 - play at first, batter OUT! 5-3
Roger Payne to third
Butch Brown to second
Batting: LHB Brett Bugge 0-0: Foul Ball, location: 2F
0-1: Foul Ball, location: 2F
0-2: Foul Ball, location: 2F
0-2: Ball
1-2: Ball
2-2: Fly out, F8 (Line Drive, 8LD, EV 90.6 MPH)
Runner from 3rd tags up, SCORES, no throw by CF
Batting: RHB Mike Alm 0-0: Called Strike
0-1: Ball
1-1: Fly out, F7 (Flyball, 78XD, EV 101.3 MPH)
Top of the 9th over - 1 run, 0 hits, 0 errors, 1 left on base; Orem 3 - Princeton 4
Thursday, March 31st , 2022 - OOTP Baseball 22.12 Build 89